 Dungeon Crawl Stone Soup version 0.21.1-1-g345015f (webtiles) character file.

389 rz the Digger (level 6, -2/32 HPs)
             Began as a Gargoyle Earth Elementalist on Apr 7, 2018.
             Slain by an ogre
             ... wielding a cursed -3 giant club
              (11 damage)
             ... on level 4 of the Dungeon.
             The game lasted 00:07:55 (3441 turns).

rz the Digger (Gargoyle Earth Elementalist)         Turns: 3441, Time: 00:07:56

Health: -2/32      AC:  7    Str: 12    XL:     6   Next: 79%
Magic:  4/12       EV: 12    Int: 17    God:
Gold:   223        SH:  0    Dex: 10    Spells: 10/14 levels left

rFire    . . .     SeeInvis .   a - +1 dagger (protect)
rCold    . . .     Gourm    .   (no shield)
rNeg     + . .     Faith    .   c - +0 robe
rPois    ∞         Spirit   .   (no helmet)
rElec    +         Reflect  .   m - +0 cloak
rCorr    .         Harm     .   (no gloves)
MR       .....                  (no boots)
Stlth    ++........             (no amulet)
HPRegen  0.10/turn              (no ring)
MPRegen  0.13/turn              (no ring)

@: very slightly contaminated
A: negative energy resistance 1, electricity resistance, unbreathing,
petrification resistance, rot immunity, AC +4
a: no special abilities


You were on level 4 of the Dungeon.
You were not hungry.

You visited 1 branch of the dungeon, and saw 4 of its levels.

You collected 223 gold pieces.

Inventory:

Hand Weapons
 a - a +1 dagger of protection (weapon)
Missiles
 b - 86 stones (quivered)
Armour
 c - a +0 robe (worn)
 m - a +0 cloak (worn)
Wands
 r - a wand of acid (5)
 v - a wand of paralysis (18)
Scrolls
 h - 2 scrolls of teleportation {unknown}
 i - 8 scrolls of identify
 j - a scroll of blinking {unknown}
 n - a scroll of fear {unknown}
 s - a scroll of remove curse {unknown}
 t - a scroll of enchant weapon {unknown}
 u - 2 scrolls of magic mapping {unknown}
 w - 3 scrolls of fog {unknown}
Potions
 f - a potion of lignification {unknown}
 g - 3 potions of ambrosia
 k - 2 potions of heal wounds {unknown}
 l - a potion of cancellation {unknown}
 o - 3 potions of flight {unknown}
 p - a potion of brilliance {unknown}
 q - a potion of degeneration {unknown}
 x - a potion of mutation {unknown}
Books
 e - a book of Geomancy

   Spells                             Type                      Level
   a - Sandblast                      Earth                        1
   b - Passwall                       Transmutation/Earth          2
   c - Stone Arrow                    Conjuration/Earth            3
   d - Petrify                        Transmutation/Earth          4
   e - Lee's Rapid Deconstruction     Earth                        5
Comestibles
 d - 14 rations
 z - 2 chunks of flesh


   Skills:
 - Level 1.7 Dodging
 - Level 2.4 Stealth
 + Level 4.5 Spellcasting
   Level 0.7 Transmutations
 + Level 6.8 Earth Magic


You had 10 spell levels left.
You knew the following spells:

 Your Spells              Type           Power        Failure   Level  Hunger
a - Sandblast             Erth           ####..       1%          1    None
b - Stone Arrow           Conj/Erth      ###...       11%         3    ###....


Dungeon Overview and Level Annotations

Branches:
Dungeon (4/15)
 Temple: D:4-7

Altars:
Uskayaw


Innate Abilities, Weirdness & Mutations

You are resistant to torment.
Your stone body is resilient. (AC +4)
You are immune to poison.
You resist negative energy. (rN+)
You are resistant to electric shocks. (rElec)
You can survive without breathing.
You are immune to petrification.
You are immune to rotting.


Message History

The ogre is severely wounded.
b - 88 stones
Casting: Sandblast
Confirm with . or Enter, or press ? or * to list all spells.
Aiming: Sandblast
Press: ? - help, Shift-Dir - straight line, f/p - ogre
Aim: an ogre, wielding a giant club (severely wounded)
The blast of sand misses the ogre.
b - 87 stones The ogre barely misses you.
Casting: Sandblast
Confirm with . or Enter, or press ? or * to list all spells.
Aiming: Sandblast
Press: ? - help, Shift-Dir - straight line, f/p - ogre
Aim: an ogre, wielding a giant club (severely wounded)
The blast of sand hits the ogre.
The ogre is almost dead.
b - 86 stones The ogre hits you with a giant club!
You die...

.## ..... ...# .....
...+ ....###+## ..#
.#######
#....#..##..##..#.....#
#....#..........#.....#
#....#..........+.....#
#....#..÷>......#.....+
#....O@.........#.....#
#....#####+######.....#
#.......#...###.......#
#.......#.....#........
#.......'.....#........
#.......#..####........
#.......#..#......##+#.
#.......#..#......#..##
.........#..#......#....


You could see an ogre.

Vanquished Creatures
  The ghost of atlas1 the Firebug, an amateur DEFE (D:3)
  A hound (D:2)
  Jessica (D:2)
  An iguana (D:4)
  Terence (D:3)
  A hound skeleton (D:4)
  3 gnolls (D:3)
  A howler monkey skeleton (D:4)
  4 adders
  2 oozes
  An adder skeleton (D:4)
  2 worms (D:3)
  2 dart slugs
  A leopard gecko (D:2)
  11 orcs
  2 ball pythons
  8 bats
  7 giant cockroaches
  15 hobgoblins
  2 jackals (D:2)
  8 kobolds
  A ball python skeleton (D:4)
  6 frilled lizards
  8 goblins
  10 rats
100 creatures vanquished.

Notes
Turn   | Place    | Note
-------+----------+-------------------------------------------
     0 | D:1      | rz the Gargoyle Earth Elementalist began the quest for the Orb.
     0 | D:1      | Reached XP level 1. HP: 10/10 MP: 3/3
   127 | D:1      | Reached skill level 4 in Earth Magic
   127 | D:1      | Reached XP level 2. HP: 10/15 MP: 0/5
   491 | D:1      | Reached XP level 3. HP: 19/19 MP: 6/6
   499 | D:1      | Learned a level 3 spell: Stone Arrow
  1216 | D:2      | Noticed Jessica
  1218 | D:2      | Killed Jessica
  1218 | D:2      | Reached skill level 5 in Earth Magic
  1218 | D:2      | Reached XP level 4. HP: 24/24 MP: 6/8
  1457 | D:2      | Found a hide-covered altar of Uskayaw.
  1976 | D:2      | Reached XP level 5. HP: 12/28 MP: 6/10
  2355 | D:3      | Noticed Terence
  2362 | D:3      | Killed Terence
  2486 | D:3      | Reached skill level 6 in Earth Magic
  2560 | D:3      | Noticed atlas1's ghost (amateur DEFE)
  2580 | D:3      | Killed atlas1's ghost
  2580 | D:3      | Reached XP level 6. HP: 32/32 MP: 1/12
  3441 | D:4      | Slain by an ogre

Skill      XL: |  1  2  3  4  5 |
---------------+----------------+-----
Earth Magic    | 4 5 6 |  6.8
Spellcasting   | 3 4 |  4.5
Dodging        | |  1.7
Stealth        | |  2.4
Transmutations | |  0.7

Action                   |  1- 3 |  4- 6 || total
-------------------------+-------+-------++-------
Melee: Dagger            |   154 |   300 ||   454
 Cast: Sandblast         |     4 |    37 ||    41
       Stone Arrow       |       |     9 ||     9
  Use: Scroll            |       |     1 ||     1
 Stab: Sleeping          |     4 |     4 ||     8
  Eat: Chunk             |     1 |     9 ||    10
Armor: Robe              |    73 |   145 ||   218
Dodge: Dodged            |    92 |   230 ||   322
